 Dungeon Crawl Stone Soup version 0.29-a0-553-g81b289dbe5 (webtiles) character file.

Game seed: 17686425301451551882

4171 KristoblXynda the Fighter (level 10, -6/91 HPs)
             Began as a White Draconian Monk on June 6, 2022.
             Was an Initiate of Gozag.
             Mangled by a hornet (12 damage)
             ... on level 8 of the Dungeon.
             The game lasted 00:09:44 (7810 turns).

KristoblXynda the Fighter (White Draconian Monk)    Turns: 7810, Time: 00:09:45

Health: -6/91      AC:  7    Str: 16      XL:     10   Next: 7%
Magic:  10/10      EV: 15    Int: 11 (12) God:    Gozag
Gold:   313        SH:  0    Dex: 14      Spells: 9/9 levels left

rFire   . . .      SeeInvis +     - Unarmed
rCold   + . .      Faith    .   r - +3 buckler
rNeg    . . .      Spirit   .   (body armour unavailable)
rPois   +          Reflect  .   (helmet restricted)
rElec   .          Harm     .   (no cloak)
rCorr   .          Rampage  .   (no gloves)
Will    .....                   (no boots)
Stlth   +.........              i - amulet of regeneration
HPRegen 1.05/turn               D - ring of see invisible
MPRegen 0.12/turn               E - ring of poison resistance

@: confused, lethally poisoned (-6 -> -6), ambrosia-drunk, slowed, very slow
A: breathe frost, AC +7, unfitting armour, cold resistance 1, cold-blooded,
stinger 1, large bone plates 1, deterioration 1, wild magic 1
a: Breathe Frost, Renounce Religion, Potion Petition, Call Merchant, Bribe
Branch


You were on level 8 of the Dungeon.
You worshipped Gozag.
Gozag was aware of your devotion.
You visited 2 branches of the dungeon, and saw 9 of its levels.
You also visited: Sewer.

You collected 733 gold pieces.
You spent 420 gold pieces at shops.

Inventory:

Armour
 r - a +3 buckler (worn)
Jewellery
 h - a ring of flight
 i - an amulet of regeneration (around neck)
 z - a ring of willpower
 D - a ring of see invisible (left hand)
 E - a ring of poison resistance (right hand)
Wands
 g - a wand of mindburst (19)
 x - a wand of paralysis (8)
Scrolls
 c - 2 scrolls of enchant weapon
 j - 2 scrolls of fear
 k - 5 scrolls of teleportation
 m - 2 scrolls of brand weapon
 w - 2 scrolls of poison
 y - a scroll of amnesia
 A - 3 scrolls of blinking
 F - a scroll of fog
Potions
 b - 2 potions of brilliance
 f - 2 potions of might
 l - a potion of cancellation {unknown}
 n - a potion of curing {unknown}
 p - 2 potions of flight
 s - a potion of resistance {unknown}
 t - 2 potions of lignification {unknown}
 u - 2 potions of degeneration {unknown}
 v - 2 potions of haste


   Skills:
 + Level 9.0 Fighting
 + Level 7.4 Dodging
 - Level 1.7 Stealth
 + Level 6.2 Shields
 + Level 8.2 Unarmed Combat


You had 9 spell levels left.
You didn't know any spells.
Your spell library contained the following spells:

 Spells                   Type           Power      Damage    Failure   Level
 Magic Dart               Conj           0%         1d3       50%         1
 Call Imp                 Summ           0%         N/A       65%         2
 Mephitic Cloud           Conj/Pois/Air  0%         N/A       86%         3
 Portal Projectile        Hex/Tloc       0%         N/A       86%         3
 Tukima's Dance           Hex            0%         N/A       86%         3
 Dispel Undead            Necr           0%         3d6       99%         4
 Leda's Liquefaction      Hex/Erth       0%         N/A       99%         4
 Olgreb's Toxic Radiance  Pois           0%         N/A       99%         4
 Blade Hands              Tmut           0%         N/A       100%        5
 Lee's Rapid Deconstruct  Erth           0%         3d5*      100%        5
 Death Channel            Necr           0%         N/A       100%        6
 Statue Form              Tmut/Erth      0%         N/A       100%        6
 Ozocubu's Refrigeration  Ice            0%         4d5       100%        7
 Ignition                 Fire           0%         3d3       100%        8
 Corpse Rot               Necr/Pois/Air  Unusable   N/A       N/A         4

Dungeon Overview and Level Annotations

Branches:
Dungeon (8/15)             Temple (1/1) D:7            Lair (0/6) D:8
  Sewer (visited)

Altars:
Ashenzari
Cheibriados
Dithmenos
Elyvilon
Fedhas
Gozag
Hepliaklqana
Kikubaaqudgha
Makhleb
Nemelex Xobeh
Okawaru
Qazlal
Ru
Sif Muna
Trog
Uskayaw
Vehumet
Wu Jian
Xom
Yredelemnul
Zin
The Shining One

Shops:
D:1 =([(=

Annotations:
D:3 2 transporters, Sat's ghost, amateur GrMo


Innate Abilities, Weirdness & Mutations

You can breathe waves of freezing cold which knock back foes.
Your icy white scales are hard. (AC +7)
You cannot fit into any form of body armour.
Your flesh is cold resistant. (rC+)
You are cold-blooded and may be slowed by cold attacks.
Your tail ends in a venomous barb.
You are partially covered in large bone plates. (SH +4)
Your body sometimes deteriorates upon taking damage.
Your spells are a little harder to cast, but a little more powerful.


Message History

You feel very sick. The hornet stings you! The hornet stings you.
You shrug off the repeated paralysis!
You feel sick. The hornet stings you!
* * * LOW HITPOINT WARNING * * *
You feel sick. The hornet stings you.
* * * LOW HITPOINT WARNING * * *
The hornet stings you!
* * * LOW HITPOINT WARNING * * *
You can move again.
Okay, then.
You are confused.
You feel invigorated.
You feel sick. The hornet closely misses you.
You're too confused to move!
You feel sick. The hornet barely misses you. The hornet stings you!
* * * LOW HITPOINT WARNING * * *
You are more poisoned.
You feel yourself slow down.
You miss the hornet.
The hornet is moderately wounded.
You feel yourself speed up.
You feel very sick. The hornet barely misses you. The hornet stings you.
* * * LOW HITPOINT WARNING * * *
You suddenly lose the ability to move!
You feel sick. The hornet stings you!
* * * LOW HITPOINT WARNING * * *
You can move again.
Unknown command.
Unknown command.
You barely miss the hornet.
Your tail-slap misses the hornet.
The hornet is moderately wounded.
You feel sick.
The hornet stings you but does no damage.
The hornet stings you!
* * * LOW HITPOINT WARNING * * *
You feel yourself slow down.
You feel sick. The hornet stings you!
You die...
Your body crumbles into a pile of gold.

##......## ##........##
#..........# #..........#
#..........#### #..........##.###
#..........##...# ########**
..........###.#.## ##......##,
#.........###.#.@######......$.#.
........<..##.##.y...............
.......)...##.#######............
............................$....
..<........##.########...........
...).......##.# #...........
##........###.# *#.........#.
.#.......####.# **#...........#
.#.#####....#.# *.............#


You could see a hornet.

Vanquished Creatures
  A skeletal warrior (D:8)
  Pikel (D:7)
  5 yaks (D:8)
  A steam dragon (D:7)
  Pargi (Sewer)
  An ice beast (D:7)
  2 black bears
  2 ogres (D:5)
  2 centaurs
  A lemure (D:7)
  6 bullfrogs
  A kobold brigand (D:7)
  2 necrophages
  5 scorpions
  A howler monkey (D:5)
  3 vampire bats (D:6)
  2 jellies
  4 hounds
  3 orc wizards
  5 iguanas
  11 adders
  A shadow imp (D:7)
  A white imp (D:7)
  An ufetubus (D:5)
  2 worms (D:2)
  4 dart slugs
  15 orcs
  8 endoplasms
  5 giant cockroaches
  10 goblins
  11 hobgoblins
  3 jackals (D:2)
  22 kobolds
  4 quokkas
  2 ball pythons
  16 bats
  5 frilled lizards
  2 rats
172 creatures vanquished.

Vanquished Creatures (others)
  5 dream sheep (D:5)
  33 fungi
  37 plants
  9 withered plants (D:2)
84 creatures vanquished.

Grand Total: 256 creatures vanquished

Notes
Turn   | Place    | Note
-------+----------+-------------------------------------------
     0 | D:1      | KristoblXynda the Draconian Monk began the quest for the
                  | Orb.
     0 | D:1      | Reached XP level 1. HP: 19/19 MP: 1/1
    30 | D:1      | Found Zoahesea's Antique Weapon Shop.
   116 | D:1      | Reached XP level 2. HP: 10/26 MP: 2/2
   385 | D:1      | Found Fakhleg's Weapon Emporium.
   513 | D:1      | Found Ymnin's Jewellery Emporium.
   576 | D:1      | Found Doetic Xido's Armour Emporium.
   684 | D:1      | Found Elaipsu's Jewellery Emporium.
   926 | D:1      | Reached XP level 3. HP: 23/33 MP: 3/3
  1257 | D:2      | Reached skill level 4 in Fighting
  1880 | D:2      | Found a faded altar of an unknown god.
  1919 | D:2      | Reached XP level 4. HP: 40/40 MP: 4/4
  2636 | D:3      | Noticed Sat's ghost (amateur GrMo)
  2637 | D:3      | Found a transporter.
  2638 | D:3      | Noticed an ogre
  2831 | D:3      | Found a transporter.
  2978 | D:3      | Found a bloodstained altar of Trog.
  3407 | D:4      | Reached XP level 5. HP: 32/47 MP: 5/5
  3656 | D:4      | Found a glowing drain.
  3692 | Sewer    | Entered a sewer
  3805 | Sewer    | Noticed Pargi
  3840 | Sewer    | Killed Pargi
  3841 | Sewer    | Reached skill level 5 in Fighting
  3841 | Sewer    | Reached XP level 6. HP: 37/56 MP: 6/6
  4096 | D:5      | Entered Level 5 of the Dungeon
  4154 | D:5      | Reached skill level 5 in Unarmed Combat
  4245 | D:5      | Your scales start taking on an icy white colour.
  4245 | D:5      | Reached XP level 7. HP: 54/62 MP: 7/7
  4245 | D:5      | Gained mutation: Your flesh is cold resistant. (rC+) [White
                  | Draconian growth]
  4286 | D:5      | Noticed a dream sheep
  4286 | D:5      | Noticed a dream sheep
  4286 | D:5      | Noticed a dream sheep
  4286 | D:5      | Noticed a dream sheep
  4286 | D:5      | Noticed a dream sheep
  4286 | D:5      | Found a shimmering altar of Xom.
  4291 | D:5      | Killed a dream sheep
  4291 | D:5      | Killed a dream sheep
  4291 | D:5      | Killed a dream sheep
  4291 | D:5      | Killed a dream sheep
  4293 | D:5      | Killed a dream sheep
  4300 | D:5      | Reached skill level 1 in Shields
  4356 | D:5      | Reached skill level 6 in Fighting
  4421 | D:5      | Reached skill level 5 in Dodging
  4699 | D:6      | Reached XP level 8. HP: 38/71 MP: 8/8
  4725 | D:6      | Gained mutation: Your body sometimes deteriorates upon
                  | taking damage. [potion of mutation]
  4796 | D:6      | Lost mutation: Your body sometimes deteriorates upon taking
                  | damage. [potion of mutation]
  4796 | D:6      | Gained mutation: You are partially covered in large bone
                  | plates. (SH +4) [potion of mutation]
  4796 | D:6      | Gained mutation: Your body sometimes deteriorates upon
                  | taking damage. [potion of mutation]
  4796 | D:6      | Gained mutation: Your spells are a little harder to cast,
                  | but a little more powerful. [potion of mutation]
  4796 | D:6      | Gained mutation: Your tail ends in a venomous barb. [potion
                  | of mutation]
  5246 | D:6      | Reached skill level 7 in Fighting
  5530 | D:7      | Found a staircase to the Ecumenical Temple.
  5544 | Temple   | Entered the Ecumenical Temple
  5556 | Temple   | Became a worshipper of Gozag Ym Sagoz the Greedy
  5695 | D:7      | Noticed Pikel
  5736 | D:7      | Killed Pikel
  5737 | D:7      | Reached XP level 9. HP: 41/80 MP: 9/9
  6146 | D:7      | Reached skill level 8 in Fighting
  6699 | D:7      | Reached skill level 5 in Shields
  7116 | D:1      | Bought a ring of see invisible for 180 gold pieces
  7116 | D:1      | Bought a ring of poison resistance for 240 gold pieces
  7314 | D:8      | Noticed a skeletal warrior
  7329 | D:8      | Noticed a skeletal warrior
  7372 | D:8      | Killed a skeletal warrior
  7588 | D:8      | Reached XP level 10. HP: 39/90 MP: 10/10
  7596 | D:8      | Reached skill level 9 in Fighting
  7801 | D:8      | Paralysed by a hornet for 3 turns
  7807 | D:8      | Paralysed by a hornet for 2 turns
  7809 | D:8      | HP: 3/91 [hornet (7)]
  7810 | D:8      | Mangled by a hornet

Illustrated notes

Levels and vault maps discovered:
D:1:      minmay_arrival_radiant_lines, layout_rooms, serial_shops,
          nicolae_shop_overgrown_old_shop, shop, nicolae_shop_trees, shop, shop,
          minmay_tetromino_s2
D:2:      layout_rooms, ebering_ecumenical_altar_petrified, st_stairs_8,
          minmay_misc_feat_five, chequers_serial_rivers_marsh
D:3:      layout_loops_corners, trog_book, gammafunk_ghost_arena
D:4:      layout_rooms, portal_sewer_entry_d
D:5:      layout_rooms, kb_xom_exploding_sheep, corexii_shack
D:6:      layout_loops_ring, dreamdust_mushroom_princess, minivault_22,
          roderic_batcave, minmay_misc_feat_enclosed, minivault_24,
          serial_park_tiny_2, serial_bayou_lagoon_a
D:7:      layout_layer_cave, minmay_temple_entry_grid, uniq_pikel
D:8:      layout_rooms, grunt_lair_entry_orc_guard_hut, uniq_amaemon
Temple:   regret_index_temple_chain_breaker

Skill      XL: |  1  2  3  4  5  6  7  8  9 10 |
---------------+-------------------------------+-----
Dodging        | 3 4 5 6 7 |  7.4
Fighting       | 4 5 6 7 8 9 |  9.0
Unarmed Combat | 4 5 7 8 |  8.2
Shields        | 2 4 6 |  6.2
Stealth        | |  1.7

Action                   |  1- 3 |  4- 6 |  7- 9 | 10-12 || total
-------------------------+-------+-------+-------+-------++-------
Melee: Unarmed           |   193 |   280 |   379 |    24 ||   876
       Tailslap          |    19 |    28 |    55 |     6 ||   108
       Punch             |     4 |     7 |     1 |       ||    12
 Abil: Breathe Frost     |       |       |     2 |     1 ||     3
Evoke: Wand              |       |       |     5 |       ||     5
  Use: Scroll            |       |    12 |     5 |     4 ||    21
       Potion            |       |       |     4 |     1 ||     5
 Stab: Sleeping          |     1 |     9 |     2 |       ||    12
       Distracted        |       |       |     1 |       ||     1
Armor: Skin              |    77 |    89 |   116 |     1 ||   283
Dodge: Dodged            |   172 |   208 |   233 |     8 ||   621
Block: Buckler           |       |       |   225 |    13 ||   238

Table legend: (Time is in decaauts)
 A = Elapsed time spent in this place.
 B = Non-inter-level travel time spent in this place.
 C = Inter-level travel time spent in this place.
 D = Time resting spent in this place.
 E = Time spent auto-exploring this place.
 F = Levels seen in this place.
 G = Mean time per level.
                   A        B        C        D        E       F      G
               +--------+--------+--------+--------+--------+-----+--------+
         Total |   7776 |   7508 |    268 |   1385 |   4405 |  10 |  777.6 |
       Dungeon |   7437 |   7179 |    258 |   1368 |   4211 |   8 |  929.6 |
        Temple |    135 |    125 |     10 |      0 |    104 |   1 |  135.0 |
         Sewer |    203 |    203 |      0 |     17 |     90 |   1 |  203.0 |
               +--------+--------+--------+--------+--------+-----+--------+

Top non-repeatable levels by time:
     D:7: 1422 daAuts
     D:2: 1225 daAuts
     D:3: 1103 daAuts
     D:1: 1047 daAuts
     D:6: 844 daAuts
     D:8: 609 daAuts
     D:4: 593 daAuts
     D:5: 590 daAuts
   Sewer: 203 daAuts
  Temple: 135 daAuts
